General information
- name: BNet
- type: Ladder team game (AT/RT)
- host: Battle.net
- saver: ErPf3000
map: DragonFalls
- players: 8
- length: 40:21
- speed: Fast
- version: 1.24 W3XP
- replay type: Public
» download(459 KB)
Players
team 1 (winner)
AQUAFLEX (
blue | 72 APM | 2466 actions | 34:03)
4 Tauren Chieftain
2 War Stomp
2 Endurance Aura
3 Shadow Hunter
2 Hex
1 Healing Wave
» actions
| Assign group hotkey | 13 | |
| Basic commands | 82 | |
| Build / train | 51 | |
| Enter build submenu | 16 | |
| Enter hero's abilities submenu | 7 | |
| Give item / drop item | 3 | |
| Right click | 1178 | |
| Select / deselect | 364 | |
| Select group hotkey | 610 | |
| Use ability | 142 | |
2466 total
» units
| Peon | 9 | |
| Grunt | 5 | |
| Troll Witch Doctor | 4 | |
| Tauren | 3 | |
21 total
» upgrades
| Armor | 3 | |
| Melee Weapons | 3 | |
| Witch Doctor Training | 2 | |
| Reinforced Defenses | 1 | |
| Pulverize | 1 | |
| Shaman Training | 1 | |
11 total
» buildings
| Orc Burrow | 8 | |
| Barracks | 1 | |
| Altar of Storms | 1 | |
| Voodoo Lounge | 1 | |
| War Mill | 2 | |
| Stronghold | 1 | |
| Fortress | 1 | |
| Spirit Lodge | 1 | |
| Tauren Totem | 2 | |
| Watch Tower | 2 | |
20 total
» build order
00:19 Orc Burrow
00:35 Barracks
00:50 Altar of Storms
01:36 Orc Burrow
02:03 Voodoo Lounge
02:15 War Mill
03:16 Stronghold
03:49 Orc Burrow
06:13 Fortress
06:18 Spirit Lodge
09:38 Tauren Totem
09:41 Tauren Totem
09:48 Orc Burrow
09:49 Orc Burrow
09:53 Orc Burrow
09:53 Orc Burrow
11:41 Watch Tower
11:43 Watch Tower
12:36 War Mill
13:18 Orc Burrow
» items
| Boots of Speed | 1 | |
| Orb of Lightning | 1 | |
| Scroll of Town Portal | 5 | |
| Orb of Corruption | 1 | |
8 total
ErPf3000 (
pink | 121 APM | 4890 actions | 40:21)
5 Death Knight
2 Death Coil
3 Unholy Aura
4 Lich
2 Frost Nova
1 Frost Armor
1 Dark Ritual
4 Dreadlord
2 Sleep
2 Vampiric Aura
» actions
| Assign group hotkey | 43 | |
| Basic commands | 604 | |
| Build / train | 132 | |
| Enter build submenu | 27 | |
| Enter hero's abilities submenu | 13 | |
| Give item / drop item | 5 | |
| Right click | 942 | |
| Select / deselect | 1032 | |
| Select group hotkey | 1929 | |
| Use ability | 163 | |
4890 total
» units
| Acolyte | 15 | |
| Ghoul | 10 | |
| Crypt Fiend | 13 | |
| Obsidian Statue | 2 | |
| Frost Wyrm | 12 | |
| Green Dragon | 5 | |
57 total
» upgrades
| Creature Carapace | 3 | |
| Web | 1 | |
| Ghoul Frenzy | 1 | |
| Destroyer Form | 1 | |
6 total
» buildings
| Graveyard | 1 | |
| Crypt | 1 | |
| Ziggurat | 11 | |
| Altar of Darkness | 1 | |
| Tomb of Relics | 1 | |
| Nerubian Tower | 7 | |
| Necropolis | 1 | |
| Halls of the Dead | 3 | |
| Spirit Tower | 5 | |
| Black Citadel | 2 | |
| Slaughterhouse | 1 | |
| Sacrificial Pit | 1 | |
| Boneyard | 3 | |
38 total
» build order
00:10 Graveyard
00:13 Crypt
00:38 Ziggurat
00:59 Altar of Darkness
01:47 Tomb of Relics
02:00 Ziggurat
02:11 Nerubian Tower
02:11 Nerubian Tower
02:11 Nerubian Tower
04:10 Ziggurat
04:48 Necropolis
05:09 Nerubian Tower
05:09 Nerubian Tower
05:38 Halls of the Dead
05:38 Halls of the Dead
05:57 Ziggurat
06:57 Spirit Tower
07:16 Ziggurat
07:53 Spirit Tower
08:06 Black Citadel
09:23 Slaughterhouse
09:41 Sacrificial Pit
10:41 Boneyard
11:52 Boneyard
12:43 Ziggurat
13:42 Spirit Tower
16:16 Boneyard
16:30 Ziggurat
16:42 Ziggurat
18:00 Ziggurat
19:00 Spirit Tower
19:02 Spirit Tower
21:30 Ziggurat
21:36 Ziggurat
» items
| Rod of Necromancy | 5 | |
| Sacrificial Skull | 4 | |
| Lesser Clarity Potion | 2 | |
| Healing Salve | 1 | |
| Scroll of Speed | 1 | |
| Potion of Healing | 3 | |
| Dust of Appearance | 2 | |
| Scroll of Town Portal | 6 | |
| Scroll of Healing | 3 | |
| Orb of Corruption | 1 | |
| Scroll of Protection | 1 | |
| Potion of Lesser Invulnerability | 1 | |
30 total
niGhT_blOoDy (
yellow | 225 APM | 9067 actions | 40:15)
5 Death Knight
3 Death Coil
2 Unholy Aura
3 Lich
2 Frost Nova
1 Dark Ritual
4 Dreadlord
2 Sleep
2 Vampiric Aura
» actions
| Assign group hotkey | 208 | |
| Basic commands | 640 | |
| Build / train | 108 | |
| ESC pressed | 2 | |
| Enter build submenu | 23 | |
| Enter hero's abilities submenu | 14 | |
| Give item / drop item | 3 | |
| Right click | 2536 | |
| Select / deselect | 1160 | |
| Select group hotkey | 4144 | |
| Use ability | 229 | |
9067 total
» units
| Acolyte | 20 | |
| Ghoul | 4 | |
| Crypt Fiend | 12 | |
| Frost Wyrm | 9 | |
| Green Dragon | 5 | |
50 total
» upgrades
» buildings
| Graveyard | 1 | |
| Crypt | 2 | |
| Altar of Darkness | 1 | |
| Ziggurat | 9 | |
| Tomb of Relics | 1 | |
| Nerubian Tower | 3 | |
| Halls of the Dead | 1 | |
| Necropolis | 1 | |
| Spirit Tower | 1 | |
| Black Citadel | 1 | |
| Sacrificial Pit | 2 | |
| Boneyard | 3 | |
26 total
» build order
00:06 Graveyard
00:13 Crypt
00:51 Altar of Darkness
00:59 Ziggurat
01:31 Tomb of Relics
02:07 Ziggurat
03:50 Ziggurat
04:30 Nerubian Tower
05:23 Nerubian Tower
05:33 Halls of the Dead
06:01 Crypt
06:54 Necropolis
07:04 Ziggurat
08:48 Spirit Tower
08:50 Black Citadel
09:38 Sacrificial Pit
11:01 Ziggurat
11:52 Boneyard
11:55 Boneyard
12:19 Boneyard
12:25 Ziggurat
12:28 Ziggurat
12:46 Nerubian Tower
13:08 Ziggurat
14:26 Ziggurat
22:15 Sacrificial Pit
» items
| Rod of Necromancy | 9 | |
| Dust of Appearance | 2 | |
| Sacrificial Skull | 1 | |
| Potion of Mana | 1 | |
| Lesser Clarity Potion | 3 | |
| Scroll of Town Portal | 13 | |
| Scroll of Speed | 1 | |
| Orb of Corruption | 1 | |
| Potion of Healing | 1 | |
| Scroll of Healing | 1 | |
33 total
Truccos (
teal | 115 APM | 4612 actions | 40:15)
5 Blademaster
3 Wind Walk
2 Critical Strike
1 Tauren Chieftain
1 War Stomp
1 Shadow Hunter
1 Healing Wave
» actions
| Assign group hotkey | 74 | |
| Basic commands | 235 | |
| Build / train | 77 | |
| ESC pressed | 5 | |
| Enter build submenu | 28 | |
| Enter hero's abilities submenu | 8 | |
| Give item / drop item | 3 | |
| Right click | 1521 | |
| Select / deselect | 476 | |
| Select group hotkey | 1935 | |
| Use ability | 250 | |
4612 total
» units
| Peon | 20 | |
| Raider | 6 | |
| Troll Batrider | 17 | |
| Troll Witch Doctor | 1 | |
44 total
» upgrades
| Ensnare | 1 | |
| Pillage | 1 | |
| Melee Weapons | 2 | |
| Witch Doctor Training | 1 | |
| Liquid Fire | 1 | |
6 total
» buildings
| Altar of Storms | 1 | |
| Orc Burrow | 8 | |
| Voodoo Lounge | 1 | |
| War Mill | 1 | |
| Stronghold | 2 | |
| Watch Tower | 8 | |
| Beastiary | 2 | |
| Great Hall | 2 | |
| Spirit Lodge | 1 | |
| Fortress | 1 | |
27 total
» build order
00:06 Altar of Storms
00:18 Orc Burrow
01:07 Voodoo Lounge
01:24 War Mill
02:12 Stronghold
02:50 Watch Tower
03:06 Watch Tower
03:21 Watch Tower
04:20 Watch Tower
05:04 Beastiary
05:30 Beastiary
06:15 Orc Burrow
07:24 Watch Tower
07:29 Watch Tower
07:44 Orc Burrow
09:26 Great Hall
09:33 Spirit Lodge
10:53 Fortress
11:54 Watch Tower
11:55 Watch Tower
12:52 Orc Burrow
13:20 Orc Burrow
14:11 Great Hall
19:08 Orc Burrow
19:09 Orc Burrow
20:18 Orc Burrow
» items
| Healing Salve | 2 | |
| Scroll of Speed | 2 | |
| Lesser Clarity Potion | 6 | |
| Scroll of Town Portal | 2 | |
| Potion of Healing | 1 | |
| Dust of Appearance | 1 | |
| Orb of Lightning | 1 | |
15 total
team 2 (loser)
darkwasp (
green | 123 APM | 4173 actions | 34:03)
4 Blademaster
2 Wind Walk
2 Critical Strike
» actions
| Assign group hotkey | 1304 | |
| Basic commands | 1 | |
| Build / train | 73 | |
| Enter build submenu | 23 | |
| Enter hero's abilities submenu | 4 | |
| Give item / drop item | 3 | |
| Right click | 1729 | |
| Select / deselect | 290 | |
| Select group hotkey | 555 | |
| Use ability | 191 | |
4173 total
» units
| Peon | 18 | |
| Troll Batrider | 20 | |
| Shaman | 4 | |
42 total
» upgrades
| Ranged Weapons | 2 | |
| Liquid Fire | 1 | |
| Shaman Training | 2 | |
| Reinforced Defenses | 1 | |
6 total
» buildings
| Altar of Storms | 1 | |
| Orc Burrow | 4 | |
| War Mill | 1 | |
| Watch Tower | 14 | |
| Voodoo Lounge | 1 | |
| Stronghold | 1 | |
| Beastiary | 2 | |
| Fortress | 1 | |
| Spirit Lodge | 1 | |
| Great Hall | 1 | |
27 total
» build order
00:07 Altar of Storms
00:18 Orc Burrow
00:30 War Mill
01:46 Watch Tower
02:00 Voodoo Lounge
02:54 Watch Tower
03:11 Watch Tower
03:31 Stronghold
04:29 Watch Tower
04:34 Watch Tower
04:39 Orc Burrow
05:20 Orc Burrow
05:27 Watch Tower
06:26 Beastiary
06:56 Beastiary
07:00 Watch Tower
07:04 Watch Tower
08:05 Watch Tower
08:06 Watch Tower
09:31 Fortress
10:40 Watch Tower
10:42 Watch Tower
10:42 Watch Tower
10:43 Watch Tower
13:51 Orc Burrow
14:17 Spirit Lodge
30:41 Great Hall
» items
| Circlet of Nobility | 3 | |
| Dust of Appearance | 1 | |
| Scroll of Regeneration | 1 | |
| Lesser Clarity Potion | 3 | |
| Mechanical Critter | 1 | |
| Staff of Teleportation | 1 | |
| Boots of Speed | 1 | |
| Potion of Healing | 3 | |
| Scroll of Speed | 2 | |
| Healing Salve | 1 | |
17 total
getitup (
red | 84 APM | 3372 actions | 40:15)
3 Blood Mage
2 Flame Strike
1 Siphon Mana
» actions
| Assign group hotkey | 17 | |
| Basic commands | 25 | |
| Build / train | 218 | |
| ESC pressed | 16 | |
| Enter build submenu | 85 | |
| Enter hero's abilities submenu | 3 | |
| Right click | 1926 | |
| Select / deselect | 533 | |
| Select group hotkey | 366 | |
| Use ability | 183 | |
3372 total
» units
| Peasant | 52 | |
| Siege Engine | 10 | |
| Acolyte | 8 | |
| Frost Wyrm | 3 | |
73 total
» upgrades
| Lumber Harvesting | 1 | |
| Plating | 3 | |
| Gunpowder | 1 | |
| Barrage | 1 | |
| Masonry | 1 | |
7 total
» buildings
| Altar of Kings | 1 | |
| Lumber Mill | 1 | |
| Farm | 8 | |
| Scout Tower | 60 | |
| Arcane Tower | 4 | |
| Guard Tower | 85 | |
| Keep | 2 | |
| Arcane Vault | 1 | |
| Blacksmith | 2 | |
| Castle | 1 | |
| Workshop | 4 | |
| Town Hall | 3 | |
172 total
» build order
00:07 Altar of Kings
00:22 Lumber Mill
00:51 Farm
01:39 Farm
01:42 Scout Tower
02:12 Arcane Tower
02:13 Arcane Tower
02:33 Scout Tower
02:52 Scout Tower
03:08 Scout Tower
03:47 Guard Tower
03:48 Guard Tower
04:26 Keep
04:26 Keep
04:28 Farm
04:30 Arcane Vault
04:34 Scout Tower
04:57 Scout Tower
05:04 Guard Tower
05:06 Farm
05:08 Blacksmith
05:34 Arcane Tower
06:20 Blacksmith
06:52 Castle
06:53 Workshop
06:54 Workshop
07:11 Workshop
07:17 Scout Tower
07:29 Scout Tower
07:31 Town Hall
07:34 Guard Tower
07:57 Guard Tower
07:57 Guard Tower
10:45 Workshop
12:17 Farm
12:44 Farm
12:45 Farm
13:49 Farm
18:07 Scout Tower
18:08 Scout Tower
18:09 Scout Tower
18:10 Scout Tower
18:11 Scout Tower
18:11 Scout Tower
18:12 Scout Tower
18:12 Scout Tower
18:42 Town Hall
18:49 Guard Tower
18:50 Guard Tower
18:50 Guard Tower
18:54 Guard Tower
21:10 Scout Tower
21:11 Scout Tower
21:13 Scout Tower
21:13 Scout Tower
21:30 Guard Tower
21:39 Town Hall
21:47 Guard Tower
21:47 Guard Tower
22:49 Guard Tower
23:16 Scout Tower
23:19 Scout Tower
23:48 Guard Tower
23:49 Guard Tower
23:49 Guard Tower
24:48 Scout Tower
24:49 Scout Tower
24:54 Scout Tower
24:57 Scout Tower
25:13 Scout Tower
25:14 Scout Tower
25:20 Guard Tower
25:28 Guard Tower
25:29 Guard Tower
25:29 Guard Tower
25:29 Guard Tower
25:36 Guard Tower
25:38 Guard Tower
25:44 Guard Tower
25:44 Guard Tower
25:44 Guard Tower
26:04 Guard Tower
26:04 Guard Tower
26:05 Guard Tower
26:14 Scout Tower
26:15 Scout Tower
26:17 Scout Tower
26:19 Scout Tower
26:20 Scout Tower
26:21 Scout Tower
26:22 Scout Tower
27:00 Guard Tower
27:02 Scout Tower
27:03 Scout Tower
27:04 Scout Tower
27:05 Scout Tower
27:05 Scout Tower
27:07 Guard Tower
27:07 Guard Tower
27:33 Guard Tower
27:33 Guard Tower
27:38 Guard Tower
27:38 Guard Tower
27:39 Guard Tower
27:42 Guard Tower
27:43 Guard Tower
27:43 Guard Tower
27:43 Guard Tower
28:00 Guard Tower
28:18 Scout Tower
28:19 Scout Tower
28:19 Scout Tower
28:20 Scout Tower
28:20 Scout Tower
28:21 Scout Tower
28:35 Scout Tower
28:51 Guard Tower
28:51 Guard Tower
28:51 Guard Tower
28:54 Guard Tower
28:54 Guard Tower
28:54 Guard Tower
28:59 Scout Tower
29:00 Scout Tower
29:02 Scout Tower
29:05 Scout Tower
29:33 Guard Tower
29:33 Guard Tower
29:33 Guard Tower
29:33 Guard Tower
31:18 Scout Tower
31:19 Scout Tower
31:21 Scout Tower
31:21 Scout Tower
32:51 Scout Tower
32:51 Scout Tower
33:11 Scout Tower
33:12 Scout Tower
33:13 Guard Tower
33:44 Scout Tower
33:46 Guard Tower
33:47 Guard Tower
33:47 Guard Tower
33:52 Guard Tower
33:53 Guard Tower
33:53 Guard Tower
33:53 Guard Tower
» items
| Boots of Speed | 1 | |
| Staff of Teleportation | 1 | |
| Lesser Clarity Potion | 5 | |
| Healing Salve | 1 | |
| Potion of Healing | 1 | |
| Potion of Invisibility | 2 | |
| Potion of Lesser Invulnerability | 2 | |
| Ivory Tower | 6 | |
| Scroll of Town Portal | 2 | |
21 total
Miles_Edgeworth (
orange | 158 APM | 6368 actions | 40:12)
5 Death Knight
3 Death Coil
2 Unholy Aura
3 Lich
2 Frost Nova
1 Frost Armor
3 Crypt Lord
2 Impale
1 Spiked Carapace
» actions
| Assign group hotkey | 35 | |
| Basic commands | 153 | |
| Build / train | 91 | |
| ESC pressed | 7 | |
| Enter build submenu | 22 | |
| Enter hero's abilities submenu | 11 | |
| Give item / drop item | 3 | |
| Right click | 2410 | |
| Select / deselect | 785 | |
| Select group hotkey | 2737 | |
| Use ability | 114 | |
6368 total
» units
| Acolyte | 10 | |
| Ghoul | 3 | |
| Crypt Fiend | 12 | |
| Goblin Zeppelin | 1 | |
| Frost Wyrm | 9 | |
| Troll Batrider | 4 | |
39 total
» upgrades
| Creature Attack | 3 | |
| Creature Carapace | 3 | |
| Web | 1 | |
| Freezing Breath | 1 | |
8 total
» buildings
| Crypt | 1 | |
| Graveyard | 1 | |
| Ziggurat | 9 | |
| Altar of Darkness | 1 | |
| Tomb of Relics | 1 | |
| Nerubian Tower | 2 | |
| Spirit Tower | 4 | |
| Halls of the Dead | 1 | |
| Necropolis | 1 | |
| Black Citadel | 1 | |
| Sacrificial Pit | 1 | |
| Boneyard | 2 | |
25 total
» build order
00:11 Crypt
00:15 Graveyard
00:39 Ziggurat
00:59 Altar of Darkness
01:54 Tomb of Relics
02:10 Ziggurat
02:35 Nerubian Tower
03:53 Ziggurat
05:06 Ziggurat
05:14 Ziggurat
06:03 Nerubian Tower
06:17 Spirit Tower
06:35 Halls of the Dead
07:24 Ziggurat
07:29 Necropolis
09:04 Spirit Tower
09:05 Spirit Tower
09:26 Black Citadel
10:44 Sacrificial Pit
10:52 Ziggurat
10:58 Ziggurat
12:25 Boneyard
13:29 Boneyard
16:07 Spirit Tower
21:58 Ziggurat
» items
| Rod of Necromancy | 2 | |
| Sacrificial Skull | 1 | |
| Healing Salve | 1 | |
| Scroll of Town Portal | 12 | |
| Potion of Healing | 4 | |
| Orb of Corruption | 1 | |
| Dust of Appearance | 1 | |
22 total
UnholydreadlorD (
purple | 86 APM | 2918 actions | 33:58)
6 Death Knight
3 Death Coil
3 Unholy Aura
5 Dreadlord
2 Sleep
3 Carrion Swarm
4 Lich
2 Frost Nova
1 Frost Armor
1 Dark Ritual
» actions
| Assign group hotkey | 41 | |
| Basic commands | 96 | |
| Build / train | 116 | |
| Enter build submenu | 28 | |
| Enter hero's abilities submenu | 15 | |
| Give item / drop item | 8 | |
| Right click | 1163 | |
| Select / deselect | 437 | |
| Select group hotkey | 843 | |
| Use ability | 171 | |
2918 total
» units
| Acolyte | 35 | |
| Ghoul | 4 | |
| Crypt Fiend | 8 | |
| Goblin Shredder | 2 | |
| Goblin Zeppelin | 1 | |
| Frost Wyrm | 2 | |
| Goblin Sapper | 1 | |
53 total
» upgrades
| Creature Attack | 3 | |
| Web | 1 | |
| Freezing Breath | 1 | |
| Creature Carapace | 1 | |
6 total
» buildings
| Crypt | 1 | |
| Graveyard | 1 | |
| Ziggurat | 11 | |
| Altar of Darkness | 1 | |
| Tomb of Relics | 2 | |
| Nerubian Tower | 3 | |
| Halls of the Dead | 1 | |
| Spirit Tower | 2 | |
| Black Citadel | 1 | |
| Sacrificial Pit | 1 | |
| Necropolis | 3 | |
| Boneyard | 3 | |
30 total
» build order
00:07 Crypt
00:10 Graveyard
00:41 Ziggurat
00:58 Altar of Darkness
01:27 Ziggurat
01:53 Tomb of Relics
02:06 Nerubian Tower
03:55 Ziggurat
04:50 Nerubian Tower
05:08 Halls of the Dead
06:27 Ziggurat
06:29 Ziggurat
06:35 Ziggurat
07:53 Spirit Tower
10:23 Black Citadel
10:27 Sacrificial Pit
11:20 Spirit Tower
12:04 Necropolis
12:05 Ziggurat
12:50 Ziggurat
13:01 Boneyard
13:12 Boneyard
13:13 Boneyard
13:32 Ziggurat
18:27 Ziggurat
18:27 Ziggurat
21:46 Necropolis
21:47 Nerubian Tower
25:45 Necropolis
28:18 Tomb of Relics
» items
| Rod of Necromancy | 4 | |
| Sacrificial Skull | 1 | |
| Dust of Appearance | 1 | |
| Scroll of Town Portal | 13 | |
| Boots of Speed | 2 | |
| Periapt of Vitality | 1 | |
| Potion of Lesser Invulnerability | 2 | |
| Orb of Corruption | 2 | |
| Scroll of Healing | 1 | |
| Staff of Sanctuary | 1 | |
| Lesser Clarity Potion | 1 | |
29 total
Chat log
(00:13 / All) AQUAFLEX: gl hf
(01:22 / All) AQUAFLEX: u guys ever play kodos?
(01:28 / Allies) ErPf3000: ?
(01:43 / Allies) niGhT_blOoDy: yes
(01:46 / Allies) niGhT_blOoDy: play s
(01:50 / Allies) niGhT_blOoDy: lol
(01:54 / Allies) ErPf3000: yes all
(02:59 / All) Truccos: bm ?
(06:03 / Allies) ErPf3000: b
(06:05 / Allies) ErPf3000: heal
(07:36 / Allies) Truccos: clear
(09:14 / All) Truccos: Lol
(09:16 / Allies) ErPf3000: b
(12:12 / Allies) Truccos: omw
(17:29 / Allies) ErPf3000: back
(21:56 / Allies) ErPf3000: b
(22:08 / Allies) ErPf3000: b
(27:55 / Allies) ErPf3000: lumber
(33:58 / All) getitup: pink are u rocco?
(34:05 / All) ErPf3000: yea
(34:08 / All) Truccos: lol
(34:11 / All) niGhT_blOoDy: shit happend
(34:19 / All) ErPf3000: me ROCCONACHOVIDAL
(34:30 / Allies) ErPf3000: 2
(40:10 / All) getitup: GG